 Dungeon Crawl Stone Soup version 0.31.0-32-g396128a36d (webtiles) character file.

Game seed: 8699384339397583240

594 Jinxxer the Chiller (level 7, -1/49 HPs)
             Began as a Demonspawn Ice Elementalist on Apr 6, 2024.
             Slain by a jelly (2 damage)
             ... on level 4 of the Dungeon.
             The game lasted 00:09:03 (3070 turns).

Jinxxer the Chiller (Demonspawn Ice Elementalist)   Turns: 3070, Time: 00:09:03

Health: -1/49      AC: -4    Str:  8    XL:     7   Next: 16%
Magic:  10/12      EV: 13    Int: 18    God:
Gold:   187        SH:  0    Dex: 15    Spells: 9/13 levels left

rFire   . . .        g - +2 dagger (venom)
rCold   . . .        (no shield)
rNeg    . . .        a - +0 robe
rPois   .            (no helmet)
rElec   .            (no cloak)
rCorr   .            j - +0 pair of gloves
SInv    +            (no boots)
Will    .....        (no amulet)
Stlth   +++          r - ring of see invisible
HPRegen 0.28/turn    (no ring)
MPRegen 0.26/turn

%: no passive effects
@: corroded
A: thin skeletal structure 1, magic regeneration, weakness stinger 1
a: no special abilities


You were on level 4 of the Dungeon.
You visited 1 branch of the dungeon, and saw 4 of its levels.

You collected 187 gold pieces.

Inventory:

Hand Weapons
 e - a +1 dagger of flaming
 g - a +2 dagger of venom (weapon)
Missiles
 k - 5 datura-tipped darts
 n - 2 boomerangs
Armour
 a - a +0 robe (worn)
 j - a +0 pair of gloves (worn)
Jewellery
 r - a ring of see invisible (left hand)
Scrolls
 d - 2 scrolls of amnesia {unknown}
 h - a scroll of poison {unknown}
 l - 3 scrolls of teleportation {unknown}
 q - a scroll of immolation {unknown}
 s - a scroll of enchant weapon {unknown}
 u - a scroll of revelation {unknown}
Potions
 b - a potion of magic
 c - a potion of might {unknown}
 f - a potion of haste {unknown}
 i - 2 potions of enlightenment {unknown}
 m - a potion of heal wounds {unknown}
 o - 2 potions of curing {unknown}
 p - 2 potions of brilliance {unknown}


   Skills:
 * Level 1.9 Fighting
 + Level 1.3 Short Blades
 + Level 0.9 Throwing
 * Level 2.0 Armour
 * Level 3.1 Dodging
 + Level 2.9 Stealth
 + Level 0.1 Unarmed Combat
 * Level 3.7 Spellcasting
 * Level 5.0 Ice Magic


You had 9 spell levels left.
You knew the following spells:

 Your Spells              Type           Power      Damage    Failure   Level
a - Freeze                Ice            84%        1d9       1%          1
b - Frozen Ramparts       Ice            42%        1d7       6%          3

Your spell library contained the following spells:

 Spells                   Type           Power      Damage    Failure   Level
 Ozocubu's Armour         Ice            21%        N/A       6%          3
 Summon Ice Beast         Ice/Summ       12%        N/A       16%         3


Dungeon Overview and Level Annotations

Branches:
Dungeon (4/15)
 Temple: D:4-7

Altars:
Ru
Sif Muna
Yredelemnul


Innate Abilities, Weirdness & Mutations

You have a somewhat thin skeletal structure. (Dex +2, Stealth+)
You regenerate magic rapidly.
You have a small tail.


Message History

The hobgoblin misses you.
You completely miss the jelly. The hobgoblin hits you.
The jelly hits you but does no damage.
You hit the jelly but do no damage. The acid corrodes you!
Your hands burn!
You tail-slap the jelly, but do no damage.
The hobgoblin closely misses you. The jelly misses you.
You hit the hobgoblin but do no damage.
The hobgoblin is poisoned.
The hobgoblin is almost dead.
You kill the hobgoblin!
The jelly barely misses you.
You hit the jelly. The acid corrodes you!
Your hands burn!
You tail-slap the jelly, but do no damage.
The jelly is lightly wounded.
The jelly hits you.
You are splashed with acid!
You hit the jelly but do no damage.
Your hands burn!
* * * LOW HITPOINT WARNING * * *
The jelly is lightly wounded.
The jelly closely misses you.
Throw: 2 boomerangs
Press: ? - help, Q - select action, (/) - cycle Shift-Dir - straight line, f - jelly
Aim: a jelly (lightly wounded, 88% to hit)
Okay, then.
Aiming: Freeze (safe; 1% risk of failure)
Press: ? - help, Q - select action, (/) - cycle Shift-Dir - straight line, f - jelly
Aim: a jelly (lightly wounded)
You freeze the jelly!
The jelly is heavily wounded.
The jelly jiggles.
The jelly hits you.
* * * LOW HITPOINT WARNING * * *
You are splashed with acid!
* * * LOW HITPOINT WARNING * * *
Unknown command.
Aiming: Freeze (safe; 1% risk of failure)
Press: ? - help, Q - select action, (/) - cycle Shift-Dir - straight line, f/p - jelly
Aim: a jelly (heavily wounded)
You freeze the jelly.
The jelly is almost dead.
The jelly hits you.
You die...

#.# #.#... #.# #.###.
#.############# #.# #.
#....†........# #.# #.
#.######.####.######.#
#. ...# ####..###
#...##.###. #..###
#.......# #.#.##.##..
#.#
#..##'##...#.#.##.##.#
#.. #.
#.@J##..#.#.##.##.#
#.. #
#..#†.#..#.#.##.##.#
#+#### #.#$#.#
.#.#.......# #...#
+..#..+ #....#.....
#._.# #.#[#.#
#.......... #...#
#..#..# #.##.......
#≈≈≈# ##. .##
#.##..##### #...# # #
#.##)...... #._.#
#.##...###.


You could see a jelly.

Vanquished Creatures
  The ghost of riffraff the Skirmisher, a novice SpHu of Gozag (D:4)
  A bombardier beetle (D:4)
  2 hounds
  An orc wizard (D:4)
  4 gnolls (D:2)
  3 adders
  A river rat (D:4)
  6 dart slugs
  3 ribbon worms (D:3)
  2 endoplasms
  12 giant cockroaches
  8 goblins
  10 hobgoblins
  5 kobolds
  2 quokkas
  6 ball pythons
  4 bats
  3 frilled lizards
  10 rats
84 creatures vanquished.

Notes
Turn   | Place    | Note
-------+----------+-------------------------------------------
     0 | D:1      | Jinxxer the Demonspawn Ice Elementalist began the quest for
                  | the Orb.
     0 | D:1      | Reached XP level 1. HP: 13/13 MP: 3/3
   200 | D:1      | Gained mutation: You regenerate magic rapidly. [demonic
                  | ancestry]
   200 | D:1      | Reached XP level 2. HP: 12/19 MP: 0/5
   583 | D:1      | Reached skill level 4 in Ice Magic
   628 | D:1      | Gained mutation: You have a somewhat thin skeletal
                  | structure. (Dex +2, Stealth+) [demonic ancestry]
   628 | D:1      | Reached XP level 3. HP: 24/24 MP: 4/6
  1005 | D:2      | Learned a level 3 spell: Frozen Ramparts
  1067 | D:2      | Reached XP level 4. HP: 16/30 MP: 3/7
  1075 | D:2      | HP: 1/30 [gnoll/+0 spear (2)]
  1272 | D:2      | Found a faded altar of an unknown god.
  1574 | D:3      | Reached XP level 5. HP: 28/36 MP: 3/9
  2264 | D:4      | Found a runed translucent door.
  2457 | D:4      | Found a basalt altar of Yredelemnul.
  2458 | D:4      | Found a sacrificial altar of Ru.
  2574 | D:4      | Found a runed translucent door.
  2577 | D:4      | Noticed riffraff's ghost (novice SpHu)
  2601 | D:4      | Reached skill level 1 in Armour
  2602 | D:4      | Killed riffraff's ghost
  2603 | D:4      | Reached skill level 1 in Fighting
  2603 | D:4      | Reached skill level 1 in Short Blades
  2603 | D:4      | Reached skill level 5 in Ice Magic
  2603 | D:4      | Gained mutation: You have a small tail. [demonic ancestry]
  2603 | D:4      | Reached XP level 6. HP: 20/44 MP: 1/11
  2848 | D:4      | Found a shimmering blue altar of Sif Muna.
  2896 | D:4      | Reached XP level 7. HP: 37/49 MP: 12/12
  3069 | D:4      | HP: 1/49 [acid (9)]
  3070 | D:4      | Slain by a jelly

Illustrated notes

Levels and vault maps discovered:
D:1:      dpeg_arrival_rooms_with_view, layout_rooms, minmay_worlds_worst_comb
D:2:      layout_rooms, dreamdust_ecumenical_altar_angels_and_demons
D:3:      layout_rooms, kennysheep_path_1
D:4:      layout_basic, general_overflow_altar, tgw_sif,
          mainiacjoe_overflow_divided_tiny, ebering_ghost_sewer_f,
          solitary_fountain, minmay_box_of_dots

Skill      XL: |  1  2  3  4  5  6  7 |
---------------+----------------------+-----
Stealth        | 2 |  2.9
Dodging        | 2 3 |  3.1
Ice Magic      | 4 5 |  5.0
Armour         | 1 2 |  2.0
Fighting       | 1 |  1.9
Short Blades   | 1 |  1.3
Spellcasting   | 3 |  3.7
Throwing       | |  0.9
Unarmed Combat | |  0.1

Action                     |  1- 3 |  4- 6 |  7- 9 || total
---------------------------+-------+-------+-------++-------
  Melee: Unarmed           |    32 |       |       ||    32
         Dagger            |    45 |    76 |    11 ||   132
         Punch             |       |     1 |       ||     1
         Tailslap          |       |       |     3 ||     3
  Throw: Boomerang         |     2 |    39 |     1 ||    42
         Dart              |       |     6 |       ||     6
   Cast: Freeze            |    34 |    19 |     2 ||    55
         Frozen Ramparts   |     1 |     2 |     1 ||     4
   Stab: Sleeping          |     4 |     5 |       ||     9
 Armour: Robe              |    56 |    62 |     9 ||   127
  Dodge: Dodged            |    78 |    50 |    10 ||   138
